 Dungeon Crawl Stone Soup version 0.29.1-12-g30fa7ad0bf (webtiles) character file.

Game seed: 3785760061350950889

2 wormed the Caller (level 1, -1/10 HPs)
             Began as a Deep Elf Summoner on Dec 28, 2022.
             Killed from afar by a dart slug (4 damage)
             ... with a slug dart
             ... on level 1 of the Dungeon.
             The game lasted 00:01:05 (112 turns).

wormed the Caller (Deep Elf Summoner)                Turns: 112, Time: 00:01:05

Health: -1/10      AC:  2    Str:  5    XL:     1   Next: 25%
Magic:  4/6        EV: 12    Int: 19    God:
Gold:   26         SH:  0    Dex: 15    Spells: 5/6 levels left

rFire   . . .      SeeInvis .   (no weapon)
rCold   . . .      Faith    .   (no shield)
rNeg    . . .      Spirit   .   a - +0 robe
rPois   .          Reflect  .   (no helmet)
rElec   .          Harm     .   (no cloak)
rCorr   .          Rampage  .   (no gloves)
Will    .....                   (no boots)
Stlth   ++........              (no amulet)
HPRegen 0.03/turn               (no ring)
MPRegen 0.10/turn               (no ring)

@: no status effects
A: no striking features
a: no special abilities


You were on level 1 of the Dungeon.
You visited 1 branch of the dungeon, and saw 1 of its levels.

You collected 26 gold pieces.

Inventory:

Armour
 a - a +0 robe (worn)
Scrolls
 d - a scroll of blinking {unknown}
Potions
 b - a potion of magic
 c - a potion of berserk rage {unknown}
 e - a potion of invisibility {unknown}


   Skills:
 + Level 2.5 Dodging
 + Level 2.5 Stealth
 + Level 3.1 Spellcasting
 - Level 4.3 Summonings


You had 5 spell levels left.
You knew the following spells:

 Your Spells              Type           Power      Damage    Failure   Level
a - Summon Small Mammal   Summ           76%        N/A       2%          1

Your spell library contained the following spells:

 Spells                   Type           Power      Damage    Failure   Level
 Call Imp                 Summ           19%        N/A       3%          2
 Call Canine Familiar     Summ           19%        N/A       8%          3
 Summon Guardian Golem    Hex/Summ       11%        N/A       19%         3
 Summon Lightning Spire   Summ/Air       11%        N/A       52%         4


Dungeon Overview and Level Annotations

Branches:
Dungeon (1/15)

Altars:


Message History

Confirm with . or Enter, or press ? or * to list all spells.
Your quokka barely misses the kobold.
The kobold hits your quokka with a +0 short sword.
Your quokka barely misses the kobold.
The kobold misses your quokka.
Your rat bites the kobold.
The kobold dies!
Your magical contamination has completely faded away.
Your quokka disappears in a puff of smoke!
Magic restored.
You swap places.
Things that are here:
a +0 short sword; a kobold corpse You see here a bat corpse.
You now have 26 gold pieces (gained 16).
Your rat disappears in a puff of smoke!
d - a scroll labelled BIOR KUEZ BYEC
e - a fuming orange potion
Found 6 stones.
A dart slug comes into view.
A dart slug is nearby!
The dart slug launches a dart at you. The slug dart hits you.
An endoplasm comes into view.
You see here 17 gold pieces.
Casting: Summon Small Mammal (safe; 2% risk of failure)
Confirm with . or Enter, or press ? or * to list all spells.
Casting: Summon Small Mammal (safe; 2% risk of failure)
Confirm with . or Enter, or press ? or * to list all spells.
The dart slug launches a dart at you. The slug dart hits your bat.
Your bat dies!
Your bat's corpse disappears in a puff of smoke!
The dart slug launches a dart at you. The slug dart hits you.
* * * LOW HITPOINT WARNING * * *
Your quokka bites the dart slug.
Your quokka bites the dart slug.
The dart slug launches a dart at you. The slug dart hits you.
You die...

.......#.....
.#.....#.......
.#.#...#.####.. #
.#.....#.###### .###
.......#......###...###
.......................
#..###.######.#.###...
.......# #.#..#
##.##### ####@## #.#
##...## #.# ##.....##
#.# ##.#.......#.## ###
#......$......#
...............
...............
(....wr........
...............


You could see a dart slug (ally target) and a friendly quokka (summoned).

Vanquished Creatures (collateral kills)
  A bat (D:1)
  A frilled lizard (D:1)
  A kobold (D:1)
3 creatures vanquished.

Notes
Turn   | Place    | Note
-------+----------+-------------------------------------------
     0 | D:1      | wormed the Deep Elf Summoner began the quest for the Orb.
     0 | D:1      | Reached XP level 1. HP: 10/10 MP: 6/6
   112 | D:1      | Killed from afar by a dart slug

Illustrated notes

Levels and vault maps discovered:
D:1:      tarquinn_simple_flora_water_f, layout_basic, kennysheep_flooded_box,
          nicolae_figureground_pulse

Action                   || total
-------------------------++-------
 Cast: Summon Small Mamm ||     4
Dodge: Dodged            ||     2
